 Dungeon Crawl Stone Soup version 0.26-a0-663-g36e8fdb655 (webtiles) character file.

Game seed: 18269142165955080808

114 Descartes the Sneak (level 4, -3/21 HPs)
             Began as a Spriggan Enchanter on Oct 12, 2020.
             Slain by a white imp (5 damage)
             ... summoned by Natasha
             ... on level 2 of the Dungeon.
             The game lasted 00:03:33 (2145 turns).

Descartes the Sneak (Spriggan Enchanter)            Turns: 2145, Time: 00:03:33

Health: -3/21      AC:  2    Str:  5    XL:     4   Next: 67%
Magic:  6/9        EV: 20    Int: 22    God:
Gold:   129        SH:  0    Dex: 16    Spells: 3/9 levels left

rFire    . . .     SeeInvis +   a - +1 dagger
rCold    . . .     Faith    .   (shield restricted)
rNeg     . . .     Spirit   .   b - +0 robe
rPois    .         Reflect  .   (helmet restricted)
rElec    .         Harm     .   o - scarf {shadows}
rCorr    .         Rampage  .   (gloves unavailable)
MR       .....                  (boots unavailable)
Stlth    +++.......             (no amulet)
HPRegen  0.07/turn              l - +6 ring of intelligence
MPRegen  0.11/turn              (no ring)

@: very quick
A: very small, unfitting armour, see invisible, speed 3
a: no special abilities


You were on level 2 of the Dungeon.
You visited 1 branch of the dungeon, and saw 2 of its levels.

You collected 129 gold pieces.

Inventory:

Hand Weapons
 a - a +1 dagger (weapon)
 e - a +0 hunting sling
Missiles
 g - 172 stones (quivered)
Armour
 b - a +0 robe (worn)
 o - a scarf of shadows (worn)
Jewellery
 l - a +6 ring of intelligence (left hand)
Scrolls
 c - 4 scrolls of identify {unknown}
 f - a scroll of fear {unknown}
 h - a scroll of remove curse {unknown}
 k - a scroll of amnesia {unknown}
 q - a scroll of blinking {unknown}
Potions
 d - a potion of lignification {unknown}
 i - a potion of degeneration {unknown}
 j - a potion of ambrosia {unknown}
 m - 2 potions of heal wounds {unknown}
 n - 2 potions of haste {unknown}
 p - a potion of magic {unknown}
 r - a potion of stabbing {unknown}


   Skills:
 + Level 2.7 Short Blades
 + Level 4.6 Dodging
 + Level 5.8 Stealth
 - Level 3.0 Spellcasting
 - Level 4.0 Hexes


You had 3 spell levels left.
You knew the following spells:

 Your Spells              Type           Power        Failure   Level
a - Corona                Hex            ##.....      2%          1
b - Confusing Touch       Hex            ##......     7%          3
c - Ensorcelled Hibernat  Hex/Ice        #.....       9%          2

Your spell library contained the following spells:

 Spells                   Type           Power        Failure   Level
 Tukima's Dance           Hex            ##......     7%          3
 Dazzling Flash           Conj/Hex       #.....       16%         3


Dungeon Overview and Level Annotations

Branches:
Dungeon (2/15)

Altars:
Ashenzari

Annotations:
D:2 Natasha


Innate Abilities, Weirdness & Mutations

You are very small and have problems with some larger weapons.
You are too small for most types of armour.
You have supernaturally acute eyesight. (SInv)
You cover ground extremely quickly.


Message History

* * * LOW HITPOINT WARNING * * *
You hit Natasha but do no damage.
Natasha appears confused.
Natasha is moderately wounded.
The white imp misses you. Natasha barely misses you.
You hit Natasha.
Natasha is heavily wounded.
The white imp closely misses you.
You hit Natasha but do no damage.
Natasha is heavily wounded.
The white imp gestures at you. The puff of frost misses you.
The rat closely misses you.
You barely miss Natasha.
Natasha is heavily wounded.
Natasha misses you. The white imp closely misses you. The rat misses you.
You barely miss Natasha.
Natasha is heavily wounded.
Natasha barely misses you. The white imp hits you.
* * * LOW HITPOINT WARNING * * *
The white imp freezes you.
You die...

## ... ###..# .....
...
##############r##.#.
#............@h.....
#.###†.######5###.#.
####.#....##...#.....#
................######
####.#.#.#####.##
####.#....#....#
..##.#.##.#.####
^....#.##.#.######
#.####......##...#


You could see Natasha (confused), a white imp (summoned) and a rat.

Vanquished Creatures
  Terence (D:2)
  Natasha (D:2)
  2 adders (D:2)
  2 dart slugs
  4 leopard geckos (D:2)
  4 bats
  A giant cockroach (D:2)
  5 goblins
  4 hobgoblins
  2 jackals (D:2)
  7 frilled lizards
  3 kobolds
  5 rats
41 creatures vanquished.

Notes
Turn   | Place    | Note
-------+----------+-------------------------------------------
     0 | D:1      | Descartes the Spriggan Enchanter began the quest for the
                  | Orb.
     0 | D:1      | Reached XP level 1. HP: 9/9 MP: 5/5
   269 | D:1      | Reached XP level 2. HP: 10/13 MP: 6/6
  1540 | D:2      | Noticed Natasha
  1545 | D:2      | Killed Natasha
  1545 | D:2      | Reached skill level 5 in Stealth
  1545 | D:2      | Reached XP level 3. HP: 16/16 MP: 8/8
  1550 | D:2      | Learned a level 3 spell: Confusing Touch
  1553 | D:2      | Learned a level 2 spell: Ensorcelled Hibernation
  1787 | D:2      | Reached XP level 4. HP: 21/21 MP: 9/9
  1959 | D:2      | Noticed Terence
  1964 | D:2      | Killed Terence
  1967 | D:2      | Found a broken altar of Ashenzari.
  2134 | D:2      | Noticed Natasha
  2145 | D:2      | Slain by a white imp

Illustrated notes

Levels and vault maps discovered:
D:1:      tarquinn_simple_flora_water_d, layout_basic
D:2:      minmay_general_purpose_star, layout_basic, ashenzari_altar_1,
          kennysheep_cross_bottleneck, uniq_terence, uniq_natasha

Skill      XL: |  1  2  3 |
---------------+----------+-----
Spellcasting   | 3 |  3.0
Short Blades   | 2 |  2.7
Stealth        | 5 |  5.8
Hexes          | 4 |  4.0
Dodging        | 4 |  4.6

Action                   |  1- 3 |  4- 6 || total
-------------------------+-------+-------++-------
Melee: Dagger            |   104 |    47 ||   151
 Cast: Confusing Touch   |       |     1 ||     1
 Stab: Sleeping          |    13 |     7 ||    20
Armor: Robe              |    11 |     4 ||    15
Dodge: Dodged            |    84 |    42 ||   126

Table legend: (Time is in decaauts)
 A = Elapsed time spent in this place.
 B = Non-inter-level travel time spent in this place.
 C = Inter-level travel time spent in this place.
 D = Time resting spent in this place.
 E = Time spent auto-exploring this place.
 F = Levels seen in this place.
 G = Mean time per level.
                   A        B        C        D        E       F      G
               +--------+--------+--------+--------+--------+-----+--------+
         Total |   1648 |   1636 |     12 |      0 |   1347 |   2 |  824.0 |
       Dungeon |   1648 |   1636 |     12 |      0 |   1347 |   2 |  824.0 |
               +--------+--------+--------+--------+--------+-----+--------+

Top non-repeatable levels by time:
     D:2: 838 daAuts
     D:1: 809 daAuts
